 Dungeon Crawl Stone Soup version 0.16-a0-1120-gd281f79 (webtiles) character file.

240 JacquesDerrida the Insei (level 5, -3/38 HPs)
             Began as a Demonspawn Transmuter on Oct 6, 2014.
             Slain by a hound (5 damage)
             ... on level 4 of the Dungeon.
             The game lasted 00:06:52 (2686 turns).

JacquesDerrida the Insei (Demonspawn Transmuter)    Turns: 2686, Time: 00:06:52

Health: -3/38      AC:  7    Str: 10    XL:     5   Next: 79%
Magic:  9/9        EV: 16    Int: 15    God:
Gold:   175        SH:  0    Dex: 19    Spells: 1 memorised, 7 levels left

rFire  + . .     SeeInvis .       - Unarmed
rCold  + . .     Clarity  .     l - +0 leather armour {MR+}
rNeg   . . .     SustAb   .     (no shield)
rPois  +         Gourm    .     h - +2 hat
rElec  +         Spirit   .     (no cloak)
rCorr  +         Warding  .     (no gloves)
rMut   .         Stasis   .     (no boots)
MR     +....                    (no amulet)
Stlth  ++........               (no ring)
                                s - ring of flight

@: agile, about to teleport, resistant, somewhat resistant to hostile
enchantments, unstealthy
A: rugged brown scales 2
a: Evoke Flight


You were on level 4 of the Dungeon.
You were not hungry.

You visited 1 branch of the dungeon, and saw 4 of its levels.

You collected 175 gold pieces.

Inventory:

Missiles
 b - 26 arrows
Armour
 c - a +0 robe
 g - a +0 leather armour
 h - a +2 hat (worn)
 l - a +0 leather armour of magic resistance (worn)
 n - a +0 robe
Comestibles
 f - 2 meat rations
Scrolls
 a - a scroll of fog {unknown}
 i - a scroll of random uselessness {unknown}
 j - a scroll of enchant armour {unknown}
 o - 2 scrolls of identify
 q - a scroll of enchant weapon {unknown}
 t - a scroll of remove curse
Jewellery
 s - a ring of flight (left hand)
Potions
 e - 3 potions of resistance
 k - a potion of agility
 m - 2 potions of poison
 u - a potion of brilliance {unknown}
Books
 d - a book of Changes

   Spells                             Type                      Level
   *Beastly Appendage                 Transmutation                1
   Sticks to Snakes                   Transmutation                2
   Spider Form                        Transmutation/Poison         3
   Ice Form                           Ice/Transmutation            4
   Blade Hands                        Transmutation                5


   Skills:
 - Level 1.0 Fighting
 - Level 1.7 Dodging
 + Level 6.0 Unarmed Combat
 - Level 2.0 Spellcasting
 - Level 1.7 Transmutations


You had 7 spell levels left.
You knew the following spells:

 Your Spells              Type           Power        Failure   Level  Hunger
a - Beastly Appendage     Trmt           #.....       12%         1    #......


Dungeon Overview and Level Annotations

Branches:
Dungeon (4/15)
 Temple: D:4-7

Altars:

Annotations:
D:3 Edmund


Innate Abilities, Weirdness & Mutations

You are mostly covered in rugged brown scales (AC +2, +5% HP).


Message History

Okay, then.
Read which item? (? for menu, Esc to quit)
As you read the scroll labeled TONER SCHUEFU, it crumbles to dust.
You feel blessed for a moment.
It was a scroll of remove curse.
The hound bites you but does no damage.
Read which item? (? for menu, Esc to quit)
As you read the scroll labeled SMUEDGH SIASSUNLA, it crumbles to dust.
You feel aware of your surroundings.
It was a scroll of magic mapping.
The hound barely misses you. The hound bites you.
* * * LOW HITPOINT WARNING * * *
Read which item? (? for menu, Esc to quit)
As you read the scroll labeled XESTIJISTY, it crumbles to dust.
You feel strangely unstable.
It was a scroll of teleportation.
Your talons disappear.
* * * LOW HITPOINT WARNING * * *
You feel sick.
You are no longer poisoned.
The hound bites you but does no damage. The hound bites you.
You die...

*,,##+###############,**+******,*
,,,.......^#........#,,,,,,,+,,,,
,,.........%........+,,,,,,,*,,,,
**,.######.###'##+###,**,,,,,,,,*
**+******#<###.##.##*,***********
*,,,,,,,,#.........#,,,*
*,,,,,,,,+.........#,,,*
+,,,,,,,,#.........#,,,*
*,,,,,,,,#......@..+,,,*
**,,**,,*#.###+##h##*+####
**,,**,,*#.###.##S###....#
,,,,,,,,,.........o.....#*
,,,,,,,,.....<..........#
,,,,,,,,................#
******+**,.###.###r###.##
******,**,,**#+**#.#***#
,,,,,,,,,,,,*,,,,...,*


You could see a hound, an adder, an orc and a rat.

Vanquished Creatures
  An orc priest (D:3)
  An orc wizard (D:3)
  A worker ant (D:4)
  Terence (D:3)
  7 adders
  3 worms (D:2)
  2 giant geckos (D:3)
  An ooze (D:3)
  8 orcs
  A ball python (D:2)
  7 bats
  7 goblins
  5 hobgoblins
  4 jackals (D:3)
  8 kobolds
  A giant cockroach (D:3)
  A giant newt (D:2)
  4 rats
63 creatures vanquished.

Vanquished Creatures (others)
  5 toadstools (D:1)
5 creatures vanquished.

Grand Total: 68 creatures vanquished

Notes
Turn   | Place    | Note
--------------------------------------------------------------
     0 | D:1      | JacquesDerrida, the Demonspawn Transmuter, began the quest for the Orb.
     0 | D:1      | Reached XP level 1. HP: 15/15 MP: 3/3
   158 | D:1      | Reached skill level 3 in Unarmed Combat
   220 | D:1      | Gained mutation: You are partially covered in rugged brown scales (AC +1, +3% HP). [demonic ancestry]
   220 | D:1      | Reached XP level 2. HP: 13/21 MP: 4/4
   759 | D:2      | Reached XP level 3. HP: 17/26 MP: 4/6
   883 | D:2      | Reached skill level 4 in Unarmed Combat
  1309 | D:3      | Reached XP level 4. HP: 29/32 MP: 5/7
  1503 | D:3      | Reached skill level 5 in Unarmed Combat
  1576 | D:3      | Noticed Terence
  1779 | D:3      | Killed Terence
  1807 | D:3      | Gained mutation: You are mostly covered in rugged brown scales (AC +2, +5% HP). [demonic ancestry]
  1807 | D:3      | Reached XP level 5. HP: 25/38 MP: 9/9
  2444 | D:4      | Noticed Edmund
  2662 | D:4      | Reached skill level 6 in Unarmed Combat
  2685 | D:4      | HP: 1/38 [poisoned by a worker ant]
  2686 | D:4      | Slain by a hound

Action                   |  1- 3 |  4- 6 || total
-------------------------+-------+-------++-------
Melee: Unarmed           |   114 |   132 ||   246
 Cast: Beastly Appendage |    12 |    11 ||    23
  Use: Potion            |       |     8 ||     8
       Scroll            |       |     4 ||     4
 Stab: Sleeping          |     2 |       ||     2
  Eat: Chunk             |     1 |     3 ||     4
       Bread ration      |       |     1 ||     1
